 Dungeon Crawl Stone Soup version 0.17.1-3-g152610e (webtiles) character file.

8185 inmateoo the Carver (level 11, -18/77 HPs)
             Began as a High Elf Fighter on Feb 22, 2016.
             Was the Champion of Cheibriados.
             Demolished by a hill giant
             ... wielding a +0 giant club
              (21 damage)
             ... on level 10 of the Dungeon.
             The game lasted 00:20:22 (11919 turns).

inmateoo the Carver (High Elf Fighter)             Turns: 11919, Time: 00:20:22

Health: -18/77     AC: 12    Str: 33    XL:     11   Next: 6%
Magic:  22/22      EV: 10    Int: 27    God:    Cheibriados [******]
Gold:   647        SH:  0    Dex: 29    Spells: 3 memorised, 13 levels left

rFire  . . .     SeeInvis +     d - +0 Sword of Power
rCold  + . .     Clarity  .     b - +1 scale mail
rNeg   . . .     SustAt   .     (shield currently unavailable)
rPois  .         Gourm    .     r - +0 helmet
rElec  .         Spirit   .     q - +0 cloak
rCorr  .         Warding  .     (no gloves)
rMut   .         Stasis   .     (no boots)
MR     +....                    (no amulet)
Stlth  +.........               (no ring)
                                h - ring of protection from cold

@: slowed, repel missiles, very slow, somewhat resistant to hostile
enchantments, very unstealthy
A: see invisible, breathe flames 1, clumsy 1, shaggy fur 1, evolution 1
a: Bend Time, Temporal Distortion, Slouch, Step From Time, Renounce Religion,
Breathe Fire


You were on level 10 of the Dungeon.
You worshipped Cheibriados.
Cheibriados was exalted by your worship.
You were not hungry.

You visited 1 branch of the dungeon, and saw 10 of its levels.
You also visited: Ossuary.

You collected 722 gold pieces.
You spent 75 gold pieces at shops.

Inventory:

Hand Weapons
 d - the +0 Sword of Power (weapon)
   (You acquired it on level 6 of the Dungeon)
 k - a +2 dagger of venom
 I - a +1 scimitar
 O - a +2 short sword of flaming
Armour
 b - a +1 scale mail (worn)
 c - a +0 shield
 q - a +0 cloak (worn)
 r - a +0 helmet (worn)
Jewellery
 h - a ring of protection from cold (left hand)
Wands
 l - a wand of teleportation (9)
 u - a wand of confusion (29)
 F - a wand of slowing (9)
 G - a wand of polymorph (9)
 H - a wand of draining (6)
 J - a wand of frost (18)
 K - a wand of frost (15)
 M - a wand of digging (15)
 P - a wand of polymorph (7)
Scrolls
 j - 6 scrolls of enchant armour
 o - 2 scrolls of fear
 s - 3 scrolls of remove curse
 x - a scroll of fog
 y - 2 scrolls of teleportation
 D - 2 scrolls of amnesia
 L - a scroll of blinking
Potions
 a - a potion of heal wounds
 e - 2 potions of ambrosia
 g - a potion of agility
 i - a potion of cure mutation
 m - a potion of might
 p - a potion of beneficial mutation
 t - 2 potions of resistance
 v - 2 potions of magic
 w - 2 potions of cancellation
 A - 2 potions of curing
 E - a potion of brilliance {unknown}
 N - a potion of berserk rage {unknown}
Comestibles
 f - 2 meat rations
 n - a beef jerky
 z - 4 bread rations
 B - 2 slices of pizza


   Skills:
 + Level 7.8 Fighting
 * Level 10.9 Long Blades
 + Level 6.4 Armour
 + Level 6.6 Shields
 + Level 6.9 Spellcasting
 - Level 2.0 Charms
 + Level 2.6 Necromancy
 * Level 4.9 Invocations


You had 13 spell levels left.
You knew the following spells:

 Your Spells              Type           Power        Failure   Level  Hunger
a - Regeneration          Chrm/Necr      ###.......   14%         3    None
b - Dispel Undead         Necr           ###.....     93%         5    #####..
c - Repel Missiles        Chrm/Air       ##....       12%         2    None


Dungeon Overview and Level Annotations

Branches:
Dungeon (10/15)            Temple (0/1) D:4             Orc (0/4) D:9
   Lair: D:8-11

Altars:
Ashenzari
Cheibriados
Dithmenos
Fedhas
Gozag
Okawaru
Ru
Sif Muna
Trog
Vehumet
Xom
Yredelemnul
Zin

Shops:
D:5 (


Innate Abilities, Weirdness & Mutations

You have supernaturally acute eyesight.
You can breathe flames.
You are clumsy. (Dex -2)
You are covered in fur (AC +1).
You evolve.


Message History

Things that are here:
4 chunks of flesh; a warg skeleton Eat one of 4 chunks of flesh? (ye/n/q/i?) This raw flesh tastes terrible.
The hill giant moves out of view.
You continue eating. x2
You hit the hill giant.
The hill giant is lightly wounded.
The hill giant hits you with a giant club!!
You slash the hill giant!
The hill giant is moderately wounded.
The hill giant closely misses you.
The hill giant hits you with a giant club!!
* * * LOW HITPOINT WARNING * * *
You slash the hill giant!
The hill giant is moderately wounded.
The hill giant closely misses you.
You slice the hill giant!!
The hill giant is severely wounded.
The hill giant hits you with a giant club!!
You die...

#...# #..##..# # #...# #..##..#
# #...# #..##..# . # #...#
#..##..# .. # ##...####..##..#
.........# # ...........##..#
#...........# #
........[..##..####...........#
#
....####...##..C).............#
# ....#
#......).@.............# #
....#
#......#####...........###
....# #...##.# #..............
....# #...##.# #..............
##### #...##.# #...........##[
# ≈....##.# #...........##.
#.....##.# #....(......##.
+≈.... #.# #...........##.
#..[.......<##.


You could see a hill giant.

Vanquished Creatures
  A deep troll (shapeshifter) (D:9)
  Psyche (D:8)
  2 two-headed ogres (D:8)
  Grinder (D:6)
  Sigmund (D:5)
  2 wyverns (D:9)
  A deep elf mage (D:9)
  Grum (D:9)
  A warg (D:10)
  Menkaure (D:4)
  4 wolves (D:8)
  3 orc warriors
  4 sky beasts
  5 ice beasts
  2 phantoms (D:9)
  A necrophage (D:7)
  6 ogres
  2 centaurs
  A big kobold (D:8)
  4 elf zombies (Ossuary)
  5 giant frogs
  12 killer bees
  2 water moccasin skeletons
  3 scorpions
  8 wights (D:9)
  5 crimson imps
  2 orc priests
  2 centaur zombies
  2 hounds
  A jelly (D:7)
  Ijyb (D:2)
  9 orc wizards
  3 centaur skeletons
  4 iguanas
  A giant frog skeleton (D:8)
  A gnoll shaman (D:10)
  4 worker ants
  A killer bee zombie (D:5)
  2 big kobold zombies (Ossuary)
  A hound zombie (Ossuary)
  3 mummies (Ossuary)
  2 hound skeletons (D:4)
  A worker ant zombie (D:5)
  Robin (D:2)
  9 adders
  7 gnolls
  A shadow imp (D:5)
  3 worms
  3 adder skeletons
  5 adder zombies (Ossuary)
  9 giant geckos
  22 orcs
  A ball python (D:4)
  7 giant cockroaches
  2 gnoll zombies (Ossuary)
  15 goblins
  9 hobgoblins
  5 jackals
  4 quokkas
  A ball python skeleton (D:6)
  9 bats
  2 giant gecko skeletons
  A giant gecko zombie (D:6)
  3 giant newts
  A goblin zombie (Ossuary)
  3 hobgoblin zombies (Ossuary)
  2 jackal skeletons (D:4)
  A jackal zombie (Ossuary)
  18 kobolds
  5 kobold zombies (Ossuary)
  A quokka skeleton (D:7)
  4 quokka zombies (Ossuary)
  17 rats
  3 rat zombies (Ossuary)
293 creatures vanquished.

Notes
Turn   | Place    | Note
--------------------------------------------------------------
     0 | D:1      | inmateoo the High Elf Fighter began the quest for the Orb.
     0 | D:1      | Reached XP level 1. HP: 16/16 MP: 2/2
   182 | D:1      | Reached XP level 2. HP: 18/21 MP: 3/3
  1049 | D:2      | Noticed Robin
  1055 | D:1      | Reached XP level 3. HP: 26/26 MP: 4/4
  1571 | D:2      | Noticed Ijyb
  1597 | D:2      | Killed Ijyb
  1597 | D:2      | Reached XP level 4. HP: 29/33 MP: 5/5
  1690 | D:2      | Noticed a moth of wrath
  1693 | D:2      | Found a bloodstained altar of Trog.
  1770 | D:2      | Found a bloodstained altar of Trog.
  1792 | D:2      | Killed Robin
  1892 | D:2      | Reached skill level 4 in Fighting
  2067 | D:2      | You fall through a shaft!
  2242 | D:3      | Reached XP level 5. HP: 33/37 MP: 6/6
  2308 | D:3      | Found a glowing silver altar of Zin.
  2310 | D:3      | Found a shadowy altar of Dithmenos.
  2313 | D:3      | Found a shimmering altar of Xom.
  2314 | D:3      | Found a snail-covered altar of Cheibriados.
  2314 | D:3      | Found a deep blue altar of Sif Muna.
  2314 | D:3      | Found a basalt altar of Yredelemnul.
  2316 | D:3      | Found an opulent altar of Gozag.
  2317 | D:3      | Found a blossoming altar of Fedhas.
  2320 | D:3      | Became a worshipper of Cheibriados the Contemplative
  2323 | D:3      | Found a shattered altar of Ashenzari.
  2698 | D:3      | Found an iron altar of Okawaru.
  2996 | D:4      | Reached * piety under Cheibriados
  3034 | D:2      | Found a faded altar to an unknown god.
  3165 | D:4      | Noticed Menkaure
  3170 | D:4      | Killed Menkaure
  3170 | D:4      | Reached skill level 5 in Long Blades
  3170 | D:4      | Reached XP level 6. HP: 42/44 MP: 7/7
  3426 | D:4      | Found a staircase to the Ecumenical Temple.
  3599 | D:4      | Found a snail-covered altar of Cheibriados.
  3764 | D:5      | Entered Level 5 of the Dungeon
  3786 | D:5      | Reached ** piety under Cheibriados
  4023 | D:5      | Reached XP level 7. HP: 49/49 MP: 8/8
  4158 | D:5      | Reached skill level 5 in Fighting
  4290 | D:5      | Reached skill level 6 in Long Blades
  4305 | D:5      | Noticed Sigmund
  4323 | D:5      | Killed Sigmund
  4323 | D:5      | Reached skill level 1 in Spellcasting
  4360 | D:5      | Found Viahi's Antique Weapon Boutique.
  4363 | D:5      | Bought a runed short sword for 75 gold pieces
  5076 | D:5      | Reached XP level 8. HP: 48/56 MP: 12/12
  5193 | D:5      | Reached *** piety under Cheibriados
  5356 | D:6      | Reached skill level 7 in Long Blades
  5519 | D:6      | Noticed Grinder
  5540 | D:6      | Paralysed by Grinder for 2 turns
  5548 | D:6      | Killed Grinder
  6045 | D:6      | Gained mutation: You are robust (+10% HP). [mutagenic meat]
  6046 | D:6      | Gained mutation: Your magical capacity is low (-10% MP). [mutagenic meat]
  6047 | D:6      | Lost mutation: You are robust (+10% HP). [mutagenic meat]
  6049 | D:6      | Gained mutation: You are covered in fur (AC +1). [mutagenic meat]
  6050 | D:6      | Gained mutation: You have sharp toenails. [mutagenic meat]
  6285 | D:6      | Reached skill level 8 in Long Blades
  6285 | D:6      | Reached skill level 5 in Armour
  6285 | D:6      | Reached skill level 5 in Shields
  6362 | D:6      | Learned a level 3 spell: Regeneration
  6368 | D:6      | Learned a level 5 spell: Dispel Undead
  6722 | D:6      | Reached XP level 9. HP: 47/62 MP: 14/14
  6762 | D:6      | Reached **** piety under Cheibriados
  7035 | D:6      | Reached skill level 9 in Long Blades
  7080 | D:6      | Learned a level 1 spell: Pain
  7100 | D:6      | Identified a scroll of acquirement
  7311 | D:7      | Found a sand-covered staircase.
  7316 | Ossuary  | Entered an ossuary
  7437 | Ossuary  | Reached ***** piety under Cheibriados
  7657 | D:7      | Reached skill level 5 in Spellcasting
  7657 | D:7      | Reached skill level 1 in Charms
  8005 | D:7      | Found a radiant altar of Vehumet.
  8436 | D:7      | Gained mutation: You can breathe flames. [mutagenic meat]
  8437 | D:7      | Lost mutation: Your magical capacity is low (-10% MP). [mutagenic meat]
  8938 | D:7      | Gained mutation: You evolve. [mutagenic meat]
  9117 | D:8      | Reached XP level 10. HP: 66/71 MP: 19/19
  9120 | D:8      | Noticed Grum
  9420 | D:9      | Killed Grum
  9573 | D:8      | Reached skill level 1 in Necromancy
  9573 | D:8      | Reached skill level 1 in Invocations
  9578 | D:8      | Reached skill level 10 in Long Blades
  9605 | D:8      | Gained mutation: You have supernaturally acute eyesight. [potion of mutation]
 10156 | D:8      | Noticed Psyche
 10158 | D:8      | Killed Psyche
 10251 | D:8      | Lost mutation: You have sharp toenails. [evolution]
 10382 | D:8      | Got a pitted trident
 10383 | D:8      | Identified the cursed +3 trident "Dragon's Undoing" {pierce, MP+9 Str+4} (You found it on level 8 of the Dungeon)
 10657 | D:9      | Found a sacrificial altar of Ru.
 10797 | D:9      | Reached ****** piety under Cheibriados
 10855 | D:9      | Found a staircase to the Orcish Mines.
 11293 | D:9      | Noticed a hill giant
 11295 | D:9      | Noticed a glowing shapeshifter
 11295 | D:9      | a hill giant changed into a glowing shapeshifter
 11296 | D:9      | Noticed a shining eye
 11296 | D:9      | a glowing shapeshifter changed into a shining eye
 11299 | D:9      | Noticed a deep troll
 11299 | D:9      | a shining eye changed into a deep troll
 11309 | D:9      | Killed a deep troll
 11485 | D:9      | Reached XP level 11. HP: 63/76 MP: 22/22
 11490 | D:9      | Gained mutation: You are clumsy. (Dex -2) [evolution]
 11493 | D:9      | Learned a level 2 spell: Repel Missiles
 11550 | D:10     | Entered Level 10 of the Dungeon
 11913 | D:10     | Noticed a hill giant
 11917 | D:10     | HP: 2/77 [hill giant/giant club (31)]
 11919 | D:10     | Demolished by a hill giant

Action                   |  1- 3 |  4- 6 |  7- 9 | 10-12 || total
-------------------------+-------+-------+-------+-------++-------
Melee: Long sword        |   114 |    28 |    21 |       ||   163
       Dagger            |    23 |   217 |   258 |     8 ||   506
       Short sword       |       |       |    51 |       ||    51
       Great sword       |       |       |   164 |   187 ||   351
 Cast: Repel Missiles    |       |       |       |     1 ||     1
Invok: Slouch            |       |       |       |     1 ||     1
Evoke: Wand              |       |       |     4 |     2 ||     6
  Use: Potion            |       |     1 |     2 |     3 ||     6
       Scroll            |       |       |    19 |     6 ||    25
 Stab: Betrayed ally     |       |       |     1 |       ||     1
  Eat: Chunk             |     2 |     7 |    14 |     1 ||    24
       Bread ration      |       |       |     3 |       ||     3
